 Dungeon Crawl Stone Soup version 0.22.1-1-ga44c0e5 (webtiles) character file.

1329 Fang the Chopper (level 8, -1/50 HPs)
             Began as a Gargoyle Berserker on Sept 23, 2018.
             Was a Priest of Trog.
             Slain by broliato's ghost (6 damage)
             ... on level 4 of the Dungeon.
             The game lasted 00:06:38 (4738 turns).

Fang the Chopper (Gargoyle Berserker)               Turns: 4738, Time: 00:06:38

Health: -1/50      AC: 12    Str: 24    XL:     8   Next: 60%
Magic:  8/8        EV: 13    Int:  7    God:    Trog [***...]
Gold:   238        SH:  0    Dex:  9    Spells: 7/7 levels left

rFire    . . .     SeeInvis .   a - +0 hand axe
rCold    . . .     Gourm    .   (no shield)
rNeg     + . .     Faith    .   b - +1 animal skin
rPois    ∞         Spirit   .   i - +1 helmet
rElec    +         Reflect  .   (no cloak)
rCorr    .         Harm     .   (no gloves)
MR       .....                  (no boots)
Stlth    +.........             (no amulet)
HPRegen  0.16/turn              (no ring)
MPRegen  0.11/turn              g - +2 ring of protection

@: about to teleport, berserk cooldown, slowed, glowing, very slow
A: negative energy resistance 1, electricity resistance, unbreathing,
petrification resistance, rot immunity, AC +5
a: Berserk, Trog's Hand, Renounce Religion


You were on level 4 of the Dungeon.
You worshipped Trog.
Trog was most pleased with you.
You were not hungry.

You visited 2 branches of the dungeon, and saw 7 of its levels.

You collected 238 gold pieces.

Inventory:

Hand Weapons
 a - a +0 hand axe (weapon)
Armour
 b - a +1 animal skin (worn)
 i - a +1 helmet (worn)
Jewellery
 g - a +2 ring of protection (right hand)
Scrolls
 e - 3 scrolls of teleportation
 k - 2 scrolls of remove curse
Potions
 d - a potion of brilliance
 f - a potion of might {unknown}
 h - 2 potions of heal wounds
 j - a potion of resistance {unknown}
 l - a potion of haste {unknown}
 m - a potion of curing {unknown}
 o - a potion of cancellation {unknown}
Comestibles
 c - 5 rations


   Skills:
 + Level 5.5 Fighting
 + Level 7.4 Axes
 + Level 2.3 Armour
 + Level 4.1 Dodging
 + Level 3.2 Stealth


You had 7 spell levels left.
You didn't know any spells.
Your spell library was empty.

Dungeon Overview and Level Annotations

Branches:
Dungeon (6/15)             Temple (1/1) D:5

Altars:

Annotations:
D:4 broliato's ghost, novice MiFi


Innate Abilities, Weirdness & Mutations

You are resistant to torment.
Your stone body is resilient. (AC +5)
You are immune to poison.
You resist negative energy. (rN+)
You are resistant to electric shocks. (rElec)
You can survive without breathing.
You are immune to petrification.
You are immune to rotting.


Message History

You slash leafyfresh's ghost!
You destroy leafyfresh's ghost!
Trog accepts your kill.
Your Dodging skill increases to level 4!
You barely miss broliato's ghost. Broliato's ghost hits you.
You feel a strong urge to attack something.
You are no longer berserk.
You pass out from exhaustion.
You feel yourself slow down. Broliato's ghost hits you.
* * * LOW HITPOINT WARNING * * *
Broliato's ghost hits you but does no damage. x3
Broliato's ghost hits you!
* * * LOW HITPOINT WARNING * * *
You can move again.
Broliato's ghost misses you. x2
As you read the scroll of teleportation, it crumbles to dust.
You feel strangely unstable. Broliato's ghost hits you.
* * * LOW HITPOINT WARNING * * *
Broliato's ghost hits you.
You die...

#####.#
##!P⌠P$##..#####.....
#.#
##8.....8##.#...>.....
#.#
#(........#.#.###.....
#.#
#?.......$#.....#..#).
#.#
#8.......8#.......###.
#.#
#!....%...###..###.#..
###.#
###'''######..####.#.
#...#
#...W...........##.#.
#.###
####@......#..#.##.#.
#.# #.......#..#.##.#.
#.# #.##............).
#.#########
#.#.....#.......)^
#.........#
#.#.....#..#.###..
#########.#
#.#............... #.#
#.#.....##.#####). #.#
#.#.....##.####... #.#
#.##..#.##.##.....


You could see broliato's ghost.

Vanquished Creatures
  The ghost of MetaCosm the Conjurer, a novice DEVM (D:4)
  The ghost of leafyfresh the Charmwright, an amateur GnSk of Elyvilon (D:4)
  The ghost of bellsore the Vexing, an amateur SpEn of Dithmenos (D:4)
  A sky beast (D:6)
  An ogre (D:5)
  2 centaurs (D:5)
  A howler monkey (D:5)
  An orc priest (D:4)
  2 hounds
  3 orc wizards
  2 worker ants (D:5)
  A howler monkey zombie (D:2)
  5 adders
  An ooze (D:1)
  An adder skeleton (D:5)
  2 worms
  4 dart slugs
  7 orcs
  2 ball pythons
  10 bats
  A bat skeleton (D:2)
  5 giant cockroaches
  7 goblins
  5 hobgoblins
  16 jackals
  6 frilled lizards
  8 kobolds
  A leopard gecko zombie (D:2)
  6 rats
104 creatures vanquished.

Notes
Turn   | Place    | Note
-------+----------+-------------------------------------------
     0 | D:1      | Fang the Gargoyle Berserker began the quest for the Orb.
     0 | D:1      | Reached XP level 1. HP: 14/14 MP: 1/1
   376 | D:1      | Reached skill level 3 in Axes
   376 | D:1      | Reached XP level 2. HP: 17/19 MP: 2/2
   445 | D:1      | Reached XP level 3. HP: 14/23 MP: 3/3
   762 | D:1      | Reached ** piety under Trog
  1250 | D:2      | Reached XP level 4. HP: 25/29 MP: 4/4
  1978 | D:3      | Reached skill level 4 in Axes
  2012 | D:3      | Reached XP level 5. HP: 21/33 MP: 5/5
  2227 | D:3      | Reached skill level 1 in Stealth
  2707 | D:4      | Reached *** piety under Trog
  2710 | D:4      | Reached XP level 6. HP: 38/38 MP: 6/6
  2901 | D:4      | Reached skill level 5 in Axes
  3155 | D:4      | Found a runed gate.
  3156 | D:4      | Found a runed gate.
  3157 | D:4      | Found a runed gate.
  3158 | D:4      | Noticed MetaCosm's ghost (novice DEVM)
  3158 | D:4      | Noticed broliato's ghost (novice MiFi)
  3159 | D:4      | Noticed leafyfresh's ghost (amateur GnSk)
  3160 | D:4      | Noticed bellsore's ghost (amateur SpEn)
  3543 | D:5      | Entered Level 5 of the Dungeon
  3659 | D:5      | Reached XP level 7. HP: 29/44 MP: 7/7
  3822 | D:5      | Found a staircase to the Ecumenical Temple.
  4012 | Temple   | Entered the Ecumenical Temple
  4099 | D:5      | Reached skill level 6 in Axes
  4720 | D:4      | Killed MetaCosm's ghost
  4720 | D:4      | Reached skill level 5 in Fighting
  4720 | D:4      | Reached XP level 8. HP: 49/49 MP: 8/8
  4725 | D:4      | Killed bellsore's ghost
  4725 | D:4      | Reached skill level 7 in Axes
  4729 | D:4      | Killed leafyfresh's ghost
  4738 | D:4      | Slain by broliato's ghost

Skill      XL: |  1  2  3  4  5  6  7  8 |
---------------+-------------------------+-----
Axes           | 3 4 5 6 7 |  7.4
Dodging        | 2 3 4 |  4.1
Fighting       | 4 5 |  5.5
Stealth        | 1 3 |  3.2
Armour         | |  2.3

Action                   |  1- 3 |  4- 6 |  7- 9 || total
-------------------------+-------+-------+-------++-------
Melee: Hand axe          |   103 |   151 |   104 ||   358
       War axe           |       |    49 |       ||    49
Invok: Berserk           |     1 |     2 |     1 ||     4
  Use: Scroll            |       |     6 |     4 ||    10
 Stab: Sleeping          |       |     4 |     1 ||     5
  Eat: Chunk             |     2 |     6 |     2 ||    10
       Ration            |       |     1 |     1 ||     2
Armor: Animal skin       |    45 |   104 |    51 ||   200
Dodge: Dodged            |    75 |   132 |    72 ||   279
